Map: Crête de Lerilak

Players

MasterPendal

  • Race: Terran Terran
  • League: Gold

Worming - Winner!

  • Race: Zerg Zerg
  • League: Platinum

VOD

Have the link to the VOD?

Description

Time

  • Played on: Nov. 11, 2015, 11:49 a.m.
  • Length: 25:32
Show
View Real Time Build Order
Export as new Build Order

MasterPendal Terran 

Build Orders: Reaper Expand, Mech 

Get SALT Encoding   

  12  0:01  SCV  
  13  0:17  SCV  
  13  0:18  Supply Depot  
  14  0:29  SCV  
  15  0:42  Barracks  
  15  0:43  Refinery  
  15  0:45  SCV  
  16  0:57  SCV  
  17  1:09  SCV  
  18  1:29  Reaper  
  18  1:30  Orbital Command  
  19  1:47  Command Center  
  19  1:56  Supply Depot  
  19  1:58  SCV  
  20  2:13  Factory  
  20  2:14  SCV  
  21  2:34  Refinery  
  21  2:35  Barracks Reactor, SCV  
  22  2:47  SCV  
  23  3:07  Factory  
  23  3:16  Orbital Command  
  23  3:20  SCV  
  23  3:21  Hellion x2, Barracks Reactor  
  28  3:39  SCV  
  29  3:43  Hellion x2  
  29  3:47  SCV  
  34  3:51  SCV  
  34  4:01  SCV  
  35  4:03  SCV  
  35  4:04  Hellion  
  35  4:05  Hellion  
  35  4:07  Hellion x2, Armory  
  44  4:15  Supply Depot  
  44  4:16  SCV  
  45  4:18  SCV  
  45  4:22  Supply Depot  
  46  4:28  Starport  
  46  4:31  Barracks Tech Lab  
  46  4:37  SCV x2  
  46  4:38  Supply Depot  
  48  4:41  Widow Mine x2  
  52  4:49  SCV  
  53  4:58  Hellion x2  
  53  5:11  Liberator  
  53  5:12  Liberator  
  47  5:19  SCV x2  
  43  5:21  Widow Mine x2  
  47  5:32  Command Center  
  53  5:38  Siege Tank  
  53  5:41  SCV x2  
  58  5:43  Refinery  
  58  5:53  SCV x2  
  58  6:08  Liberator x2  
  55  6:26  Widow Mine  
  55  6:27  SCV x2  
  55  6:31  Refinery  
  62  6:39  SCV  
  63  6:40  SCV  
  63  6:42  Siege Tank  
  67  6:51  SCV  
  67  6:52  SCV  
  66  7:08  Widow Mine  
  66  7:09  Widow Mine, Orbital Command  
  66  7:12  Factory  
  66  7:15  SCV x2  
  72  7:18  Engineering Bay  
  72  7:25  Siege Tank  
  72  7:27  SCV  
  76  7:32  SCV  
  76  7:36  Terran Vehicle Weapons Level 1, Orbital Command  
  77  7:39  SCV  
  77  7:42  Armory  
  77  7:44  Refinery  
  78  7:47  Refinery  
  78  7:52  Missile Turret  
  78  8:02  Factory Tech Lab  
  78  8:06  Factory  
  78  8:08  Widow Mine  
  78  8:12  Siege Tank  
  83  8:27  Liberator  
  83  8:32  Terran Vehicle And Ship Armor Level 1, Supply Depot x2  
  83  8:33  Supply Depot x2  
  83  8:34  Supply Depot  
  83  8:37  Supply Depot  
  83  8:50  Factory Tech Lab  
  83  8:52  Factory, SCV x2  
  83  8:54  Siege Tank  
  88  8:58  Hellion, Hellbat  
  88  8:59  SCV  
  90  9:04  SCV x2  
  90  9:09  Factory  
  92  9:11  SCV  
  92  9:15  Factory  
  92  9:16  SCV  
  94  9:18  Thor, Hellbat, Command Center  
  94  9:20  Infernal Pre-Igniter, Hellbat x2  
  94  9:24  SCV x2  
  108  9:28  SCV  
  108  9:29  Thor  
  115  9:33  Supply Depot  
  113  9:39  Hellbat  
  113  9:40  SCV  
  113  9:41  Hellbat  
  117  9:59  Factory Tech Lab  
  117  10:06  Factory Tech Lab, Siege Tank  
  119  10:08  Hellion  
  119  10:10  Thor, Hellbat x2  
  129  10:16  Hellbat  
  129  10:21  Factory Reactor  
  131  10:24  Factory  
  131  10:25  Thor x2  
  141  10:37  Terran Vehicle Weapons Level 2, Terran Vehicle And Ship Armor Level 2  
  139  10:55  Siege Tank x2, Hellbat  
  141  11:13  Thor, Hellbat  
  141  11:14  Hellbat  
  141  11:18  Thor, Hellbat  
  152  11:29  Siege Tank  
  152  11:30  Hellbat  
  149  11:39  Hellbat  
  144  11:40  Hellbat  
  144  11:41  Factory Reactor  
  144  11:42  Planetary Fortress  
  120  11:58  Thor, Siege Tank  
  120  11:59  Hellbat  
  122  12:07  SCV  
  122  12:08  SCV x2  
  119  12:18  Refinery  
  119  12:19  Widow Mine x2, Hellbat  
  119  12:21  Refinery  
  118  12:38  Siege Tank x2  
  118  12:42  Siege Tank  
  121  12:48  Hellion x2, Siege Tank x2  
  129  13:10  Siege Tank  
  129  13:12  Hellbat x3  
  116  13:25  Hellbat x3  
  122  13:33  Hellbat  
  121  13:34  Hellbat x2  
  121  13:42  Hellbat, Terran Vehicle Weapons Level 3  
  121  13:43  Terran Vehicle And Ship Armor Level 3  
  121  13:46  Hellbat  
  125  13:50  Hellbat x2  
  127  14:02  Hellbat x2  
  124  14:03  Hellion  
  124  14:04  Hellion  
  124  14:07  Siege Tank  
  127  14:11  Siege Tank  
  127  14:14  Siege Tank  
  105  14:23  Hellbat  
  98  14:24  Siege Tank  
  98  14:25  Siege Tank  
  101  14:39  Thor  
  101  14:43  Thor  
  113  14:46  Hellion x2  
  113  14:47  Hellion x2  
  121  15:00  Siege Tank x2  
  121  15:02  Thor  
  96  15:52  Siege Tank  
  96  15:53  Thor x2, Hellbat x2  
  115  15:59  Thor, Hellbat  
  115  16:00  Hellbat  
  115  16:02  Refinery  
  122  16:18  Siege Tank  
  122  16:19  Hellbat  
  122  16:24  Siege Tank  
  130  16:35  SCV  
  130  16:36  Siege Tank x2  
  137  16:42  Siege Tank  
  140  16:50  Siege Tank  
  140  16:56  Siege Tank  
  132  17:05  Hellbat  
  104  17:08  Siege Tank x2  
  104  17:10  Widow Mine x2, Hellbat  
  104  17:14  Siege Tank  
  110  17:23  Siege Tank  
  113  17:31  Hellbat, Siege Tank  
  113  17:32  Hellbat  
  114  17:40  Siege Tank, Hellbat x2  
  114  17:41  Siege Tank  
  114  17:42  Widow Mine x2  
  128  17:46  Widow Mine  
  107  18:18  Widow Mine  
  107  18:19  Thor x3, Hellbat  
  129  18:31  Thor  
  129  18:49  Hellbat x2  
  129  18:51  Siege Tank  
  129  18:52  Hellbat  
  131  19:08  Hellbat x2, Siege Tank  
  131  19:09  SCV  
  139  19:14  Thor  
  139  19:15  Hellbat x2  
  149  19:22  Command Center  
  149  19:49  Thor  
  149  19:50  Hellbat  
  155  19:53  Hellbat x3  
  161  20:09  Siege Tank x2  
  167  20:19  Hellbat x2  
  165  20:30  Thor  
  165  20:31  Hellbat x2  
  161  20:47  Hellbat x2  
  150  20:58  Hellbat x2  
  150  20:59  Hellbat  
  150  21:02  Hellbat  
  150  21:03  Hellbat  
  148  21:31  Hellbat x2  
  148  21:32  Thor  
  130  21:33  Hellbat  
  110  21:50  Viking x2  
  109  22:20  Viking x2  
  109  22:21  Planetary Fortress  
  99  22:40  Hellbat x2  
  103  22:49  Hellbat  
  103  22:51  Viking  
  97  23:16  Siege Tank x3  
  97  23:19  SCV  
  94  23:31  SCV  
  89  23:38  Hellbat x2  
  93  23:53  Hellbat x2  
  93  23:54  Hellbat x2  
  101  24:04  Orbital Command  
  95  24:18  Siege Tank x2  
  95  24:19  Hellbat  
  95  24:20  Hellbat  
  93  24:36  Refinery  
  93  24:39  Refinery  
  93  24:45  Orbital Command  
  91  24:47  Siege Tank x2  
Show
View Real Time Build Order
Export as new Build Order

Worming Zerg - Winner!

Build Orders: Hatch First, Lurkers 

Get SALT Encoding   

  12  0:01  Drone  
  13  0:09  Drone  
  14  0:18  Overlord  
  14  0:28  Drone, Extractor  
  14  0:29  Drone, Extractor  
  16  0:37  Drone  
  17  0:45  Drone  
  19  0:57  Drone  
  19  1:03  Hatchery  
  18  1:06  Drone  
  19  1:17  Spawning Pool  
  18  1:19  Drone  
  19  1:29  Drone  
  20  1:38  Overlord  
  20  1:50  Extractor  
  19  1:56  Drone  
  20  2:04  Queen  
  20  2:05  Zergling x2  
  23  2:16  Queen  
  25  2:23  Zergling x2  
  25  2:24  Zergling x2  
  25  2:28  Drone x2  
  28  2:43  Drone  
  28  2:44  Drone x2  
  31  2:49  Queen  
  33  2:56  Overlord  
  33  2:58  Drone x2  
  35  3:08  Metabolic Boost  
  35  3:09  Overlord  
  35  3:10  Drone  
  36  3:15  Drone x3  
  39  3:28  Hatchery  
  39  3:32  Drone  
  39  3:33  Drone x5  
  44  4:01  Drone x8  
  52  4:03  Overlord  
  52  4:06  Extractor  
  52  4:07  Queen, Extractor  
  52  4:08  Roach Warren  
  45  4:53  Roach x5  
  45  4:54  Roach  
  41  5:14  Drone x12  
  49  5:24  Drone x2  
  51  5:29  Ravager  
  51  5:32  Ravager x2  
  51  5:33  Ravager, Roach  
  51  5:34  Roach x4  
  65  5:36  Drone  
  65  5:37  Overlord x3  
  49  6:27  Drone x16  
  49  6:30  Lair  
  65  6:32  Evolution Chamber  
  65  6:33  Evolution Chamber  
  63  6:46  Overlord  
  63  6:59  Hatchery  
  62  7:08  Drone x5  
  62  7:09  Drone x13  
  80  7:16  Extractor  
  80  7:17  Extractor  
  80  7:19  Zerg Missile Weapons Level 1, Zerg Ground Armor Level 1  
  80  7:21  Spine Crawler  
  77  7:34  Glial Reconstitution  
  77  7:36  Extractor  
  76  7:40  Drone x2  
  78  7:47  Roach  
  78  7:48  Roach  
  82  7:52  Overlord x3  
  82  7:53  Hydralisk Den  
  81  8:01  Ravager  
  81  8:03  Overlord x2  
  82  8:08  Pneumatized Carapace  
  82  8:21  Ravager x3  
  85  8:28  Zergling x2, Roach x3  
  85  8:29  Zergling x18  
  101  8:39  Overlord  
  101  9:03  Zergling x2, Roach x2  
  101  9:04  Zergling x10  
  101  9:06  Muscular Augments  
  111  9:10  Infestation Pit  
  110  9:22  Zerg Missile Weapons Level 2, Zerg Ground Armor Level 2  
  110  9:25  Zergling x20  
  110  9:27  Hatchery  
  110  9:29  Extractor  
  110  9:30  Overlord x3, Hatchery, Extractor  
  117  9:31  Drone x3  
  117  9:34  Zergling x2  
  104  10:01  Drone x10  
  104  10:02  Drone  
  104  10:05  Spire  
  114  10:07  Hive  
  114  10:21  Lurker Den  
  114  10:36  Overseer x2  
  114  10:37  Overlord x5  
  114  10:38  Overlord x9  
  110  10:57  Hydralisk  
  110  10:58  Roach, Hydralisk x5  
  110  10:59  Roach x5  
  110  11:00  Roach  
  110  11:01  Ravager x3  
  112  11:18  Roach  
  112  11:19  Roach x15  
  115  11:40  Roach  
  115  11:41  Roach x13  
  136  11:48  Drone x6  
  132  12:00  Roach  
  132  12:01  Roach x6  
  124  12:03  Ravager x2  
  124  12:04  Ravager x2  
  128  12:12  Drone x2  
  128  12:14  Extractor  
  127  12:39  Ravager x5  
  132  12:46  Zergling x8  
  132  12:47  Zergling x16  
  144  12:51  Zerg Missile Weapons Level 3  
  144  12:53  Zergling x12  
  144  12:57  Extractor  
  122  13:33  Roach x4, Hydralisk x5  
  140  13:34  Zergling x6  
  140  13:35  Zergling x22  
  154  13:51  Overseer  
  154  13:52  Zerg Flyer Weapons Level 1  
  154  14:01  Hydralisk  
  154  14:02  Roach, Hydralisk x6  
  150  14:14  Hydralisk  
  150  14:15  Roach, Hydralisk x5  
  150  14:16  Zergling x10  
  155  14:18  Drone x3  
  155  14:23  Roach x5  
  157  14:24  Zerg Ground Armor Level 3  
  157  14:34  Zergling x2  
  157  14:35  Zergling x16  
  157  14:37  Ravager  
  157  14:38  Ravager x4  
  171  14:43  Lurker  
  171  14:44  Lurker x2  
  171  14:45  Lurker  
  170  14:53  Drone x3  
  170  14:54  Drone x2  
  170  14:55  Drone  
  176  15:06  Hatchery  
  173  15:18  Zergling x2  
  173  15:19  Zergling x12  
  156  15:38  Lurker x3  
  156  15:39  Lurker, Zergling x6  
  156  15:40  Zergling x2, Roach x3, Hydralisk x3  
  164  16:06  Viper  
  164  16:07  Viper x2  
  164  16:10  Zergling x2, Roach  
  164  16:11  Zergling x22, Roach x2  
  175  16:16  Lurker x3  
  175  16:17  Ravager x4  
  175  16:18  Ravager x2  
  195  16:21  Zerg Melee Weapons Level 1  
  195  16:22  Zergling x10  
  200  16:50  Extractor x2  
  129  17:11  Hatchery  
  129  17:13  Lurker x3, Hydralisk x2  
  129  17:14  Hydralisk x2  
  123  17:52  Roach, Hydralisk  
  123  17:53  Roach x6, Hydralisk x12  
  147  18:15  Lurker x2  
  147  18:16  Lurker x4, Hydralisk x4  
  147  18:17  Zergling x2  
  147  18:18  Zergling x14  
  166  18:31  Zergling x2  
  166  18:32  Zergling x10  
  116  19:07  Drone x3  
  116  19:08  Drone x2  
  116  19:09  Extractor  
  114  19:10  Drone x3, Extractor  
  114  19:11  Drone x3  
  117  19:51  Corruptor x5  
  117  19:52  Roach, Hydralisk  
  126  19:53  Roach x2, Hydralisk x6  
  126  19:57  Greater Spire  
  144  20:02  Zergling x2, Roach x7  
  144  20:03  Zergling x22  
  139  20:33  Zergling x26  
  139  20:34  Zergling x18  
  128  21:09  Brood Lord x2  
  136  21:13  Zergling x2  
  136  21:14  Zergling x34  
  136  21:15  Zergling x2  
  122  21:37  Corruptor  
  122  21:38  Corruptor  
  106  21:42  Hydralisk x8  
  113  21:48  Roach Warren  
  113  21:51  Zergling x2  
  113  21:52  Zergling x22  
  118  22:11  Hydralisk x3  
  118  22:13  Hydralisk x4  
  132  22:16  Corruptor  
  132  22:18  Corruptor  
  132  22:26  Hatchery  
  113  22:35  Zergling x2  
  113  22:36  Zergling x16  
  114  22:42  Roach x5  
  114  22:43  Zergling x4  
  120  22:50  Roach x8  
  132  22:55  Queen x2  
  132  22:56  Zergling x2  
  132  22:57  Zergling x6  
  109  23:13  Roach x6  
  109  23:14  Roach x4  
  109  23:16  Burrow  
  121  23:27  Hydralisk x3  
  121  23:28  Zergling x2  
  121  23:29  Zergling x14  
  121  23:33  Overseer  
  130  23:40  Hydralisk  
  131  23:41  Zergling x2  
  131  23:42  Zergling x12  
  131  23:48  Extractor x2  
  129  24:14  Hatchery  
  129  24:16  Hydralisk  
  127  24:17  Hydralisk x4  
  127  24:18  Roach  
  127  24:19  Zergling x2, Roach x6  
  127  24:20  Zergling x18  
  156  24:46  Ultralisk Cavern  
  156  24:51  Roach x4  
  156  24:52  Roach x12  
Tags
 
Add a new tag
Caveats
  • Supply blocks, unpowered buildings, or Contaminate may cause inaccurate times.
  • Supply counts are checked every 10 seconds.